 Dungeon Crawl Stone Soup version 0.31.0-9-g3a7656b989 (webtiles) character file.

Game seed: 8421484917806521131

4481 Chiseanne the Covert (level 10, -2/71 HPs)
             Began as an Octopode Shapeshifter on Feb 6, 2024.
             Was an Initiate of Gozag.
             Slain by a hornet (16 damage)
             ... on level 7 of the Dungeon.
             The game lasted 00:16:19 (7491 turns).

Chiseanne the Covert (Octopode Shapeshifter)        Turns: 7491, Time: 00:16:20

Health: -2/71      AC:  1    Str: 15    XL:     10   Next: 38%
Magic:  10/10      EV: 17    Int: 12    God:    Gozag
Gold:   839        SH:  0    Dex: 15    Spells: 9/9 levels left

rFire   . . .        s - +2 dagger (venom)
rCold   . . .        (no shield)
rNeg    + . .        (helmet currently unavailable)
rPois   .            (no amulet)
rElec   .            h - ring of positive energy
rCorr   +            m - ring of resist corrosion
SInv    .            (no ring)
Will    .....        (no ring)
Stlth   ++++++       (no ring)
HPRegen 0.31/turn    (no ring)
MPRegen 0.12/turn    (no ring)
                     (no ring)

%: no passive effects
@: lethally poisoned (-2 -> -14), beast-form, slowed, very slow
A: beast (slay +4), almost no armour, amphibious, 8 rings, camouflage 1,
gelatinous body 1, (nimble swimmer 1), tentacles
a: Begin Untransformation, Renounce Religion, Potion Petition, Call Merchant,
Bribe Branch


You were on level 7 of the Dungeon.
You worshipped Gozag.
Gozag was pleased with you.
You were a hulking beast.
You visited 2 branches of the dungeon, and saw 8 of its levels.
You also visited: Ossuary.

You collected 956 gold pieces.
You paid 117 gold pieces to Gozag.

Inventory:

Hand Weapons
 a - a +2 short sword of electrocution
 p - a +2 falchion of holy wrath
 s - a +2 dagger of venom (weapon)
 y - a +0 war axe of electrocution
 E - a +2 morningstar of flaming
Missiles
 e - 9 boomerangs
 f - 10 poisoned darts (quivered)
Armour
 x - a +1 hat of stealth
 F - an orb of energy
Jewellery
 h - a ring of positive energy (left tentacle)
 m - a ring of resist corrosion (right tentacle)
 n - a ring of ice
Talismans
 b - a beast talisman
 c - a flux talisman
 j - a beast talisman
Wands
 A - a wand of light (5)
 D - a wand of flame (7)
Scrolls
 d - a scroll of poison
 g - 3 scrolls of amnesia
 k - a scroll of identify
 t - a scroll of vulnerability
 u - 2 scrolls of teleportation
 C - a scroll of immolation
Potions
 i - a potion of lignification
 l - 4 potions of mutation
 o - 2 potions of magic
 q - a potion of ambrosia
 r - 2 potions of curing
 v - 5 potions of brilliance
 w - a potion of heal wounds
 z - 3 potions of might
 B - a potion of haste


   Skills:
 * Level 7.4 Fighting
 * Level 7.7 Dodging
 * Level 10.5 Stealth
 - Level 3.0 Unarmed Combat
 * Level 7.4 Shapeshifting


You had 9 spell levels left.
You didn't know any spells.
Your spell library contained the following spells:

 Spells                   Type           Power      Damage    Failure   Level
 Foxfire                  Conj/Fire      0%         2x1d4     32%         1
 Slow                     Hex            0%         N/A       32%         1
 Confusing Touch          Hex            0%         N/A       69%         3
 Inner Flame              Hex/Fire       0%         N/A       69%         3
 Sigil of Binding         Hex            0%         N/A       69%         3
 Vampiric Draining        Necr           0%         2d6       69%         3
 Volatile Blastmotes      Fire/Tloc      0%         2d10      69%         3
 Cause Fear               Hex            0%         N/A       97%         4
 Flame Wave               Conj/Fire      0%         2d4       97%         4
 Fulminant Prism          Conj/Alch      0%         3d5       97%         4
 Iskenderun's Mystic Bla  Conj/Tloc      0%         2d3       97%         4
 Sticky Flame             Fire/Alch      0%         2d4       97%         4
 Fireball                 Conj/Fire      0%         3d3       100%        5
 Conjure Ball Lightning   Conj/Air       0%         3x3d6     100%        6
 Plasma Beam              Fire/Air       0%         2x1d10    100%        6
 Starburst                Conj/Fire      0%         6d3       100%        6
 Discord                  Hex            0%         N/A       100%        8
 Disjunction              Tloc           0%         N/A       100%        8
 Dragon's Call            Summ           0%         N/A       100%        9


Dungeon Overview and Level Annotations

Branches:
Dungeon (7/15)             Temple (1/1) D:5         Ossuary (visited)

Altars:
Ashenzari
Cheibriados
Dithmenos
Elyvilon
Fedhas
Gozag
Hepliaklqana
Kikubaaqudgha
Makhleb
Okawaru
Qazlal
Ru
Sif Muna
Trog
Uskayaw
Vehumet
Xom
Yredelemnul
Zin
The Shining One

Shops:
D:1 =   D:2 [   D:7 [


Innate Abilities, Weirdness & Mutations

You are a hulking beast.
Your limbs bulge with bestial killing power. (Slay +4)
You cannot wear most types of armour.
You are amphibious.
You can wear up to eight rings at the same time.
Your skin changes colour to match your surroundings (Stealth+).
Your rubbery body absorbs attacks. (AC +1, EV +1)
((You are camouflaged when in or above water. (Stealth+)))
You have tentacles for arms and can constrict up to eight enemies at once.


Message History

You spit the sky beast like a pig!!!
You kill the sky beast!
You now have enough gold to buy the ring "Jaotroi" {Str+8 Int+6} on D:1.
You can access your shopping list by pressing '$'.
You now have 839 gold pieces (gained 17).
A hornet comes into view.
You see here a scroll of amnesia.
g - 3 scrolls of amnesia (gained 1)
The hornet barely misses you. x2
You hit the hornet. Your grab misses the hornet.
Your squeeze misses the hornet.
The hornet is lightly wounded.
The hornet stings you!
You feel yourself slow down.
You barely miss the hornet. You grab the hornet. You squeeze the hornet.
The hornet is lightly wounded.
You constrict the hornet, but do no damage.
The hornet completely misses you. The hornet misses you.
The hornet completely misses you.
You hit the hornet. You squeeze the hornet!
The hornet is heavily wounded.
You feel yourself speed up.
You constrict the hornet. The hornet stings you!
You suddenly lose the ability to move!
You lose your grip on the hornet.
The hornet stings you.
You are poisoned.
You feel yourself slow down.
You feel very sick. The hornet stings you!
* * * LOW HITPOINT WARNING * * *
You are more poisoned.
You feel as though you will be slow longer.
You can move again.
You miss the hornet. You grab the hornet. You squeeze the hornet!
The hornet is almost dead.
You constrict the hornet, but do no damage.
* * * LOW HITPOINT WARNING * * *
You feel very sick. The hornet closely misses you. The hornet stings you!
You die...
Your body crumbles into a pile of gold.

#........# #....#
#........# #....#
#........# #....#
#........# #....#
#........# #....#
#..##....# #....#....
#..#####+# #....#...#
#...#...y# #....#...#
#...#...h# #....#...+
#..##....# #....#...#
#..##....##..#....#...#
#............#....#...###
#............#....'......
#............#....#......
#..########..#....#......
#..# ..#....#...... #...
.#....#######


You could see a hornet.

Vanquished Creatures
  Pikel (D:4)
  Maggie (D:7)
  Jeremiah (D:7)
  Grinder (D:3)
  Prince Ribbit (D:5)
  Sigmund (D:5)
  Eustachio (D:6)
  Menkaure (D:5)
  A water moccasin (D:7)
  A sky beast (D:7)
  Duvessa (D:6)
  An ice beast (D:6)
  2 black bears (D:5)
  A phantom (D:5)
  2 bullfrogs (D:7)
  A gnoll sergeant (D:4)
  3 scorpions
  A burial acolyte (Ossuary)
  4 water moccasin zombies (Ossuary)
  Dowan (D:6)
  A bombardier beetle (D:4)
  4 jellies
  5 orc priests
  3 hounds
  7 iguanas
  3 scorpion zombies (D:6)
  2 sleepcaps (D:5)
  10 orc wizards
  2 crocodile zombies (Ossuary)
  2 mummies (Ossuary)
  4 howler monkey skeletons (D:6)
  3 gnolls (D:4)
  7 adders
  A white imp (D:6)
  2 ufetubi (D:6)
  3 adder zombies (Ossuary)
  2 dart slugs
  3 ribbon worms
  20 orcs
  7 endoplasms
  4 giant cockroaches
  13 gnoll zombies (Ossuary)
  13 goblins
  10 hobgoblins
  10 jackals
  A kobold (D:1)
  2 quokkas
  6 ball pythons
  6 bats
  2 frilled lizards
  4 jackal zombies (Ossuary)
  2 orc zombies (Ossuary)
  2 rats
193 creatures vanquished.

Notes
Turn   | Place    | Note
-------+----------+-------------------------------------------
     0 | D:1      | Chiseanne the Octopode Shapeshifter began the quest for the
                  | Orb.
     0 | D:1      | Reached XP level 1. HP: 13/13 MP: 1/1
   172 | D:1      | Reached skill level 1 in Stealth
   172 | D:1      | Reached XP level 2. HP: 9/18 MP: 2/2
   341 | D:1      | Found Sari's Jewellery Boutique.
   996 | D:2      | Found a snail-covered altar of Cheibriados.
  1052 | D:2      | Reached XP level 3. HP: 20/24 MP: 3/3
  1186 | D:2      | Reached skill level 2 in Stealth
  1324 | D:2      | Found Yviloatz's Armour Emporium.
  1418 | D:2      | Reached XP level 4. HP: 27/29 MP: 4/4
  1865 | D:3      | Found a burning altar of Makhleb.
  2069 | D:3      | Reached skill level 3 in Stealth
  2122 | D:3      | Noticed Grinder
  2122 | D:3      | Paralysed by Grinder for 5 turns
  2150 | D:3      | HP: 1/29 [Grinder (3)]
  2158 | D:3      | Killed Grinder
  2159 | D:3      | Reached skill level 4 in Stealth
  2159 | D:3      | Reached XP level 5. HP: 12/36 MP: 5/5
  2159 | D:3      | Reached XP level 6. HP: 14/42 MP: 6/6
  3253 | D:4      | Noticed Pikel
  3269 | D:4      | Reached XP level 7. HP: 46/46 MP: 7/7
  3310 | D:4      | Reached skill level 5 in Stealth
  3458 | D:4      | Killed Pikel
  3459 | D:4      | Reached skill level 5 in Dodging
  3459 | D:4      | Reached skill level 6 in Stealth
  3459 | D:4      | Reached skill level 5 in Shapeshifting
  3459 | D:4      | Reached XP level 8. HP: 9/54 MP: 8/8
  3966 | D:4      | Found a shadowy altar of Dithmenos.
  4216 | D:5      | Entered Level 5 of the Dungeon
  4219 | D:5      | Noticed Menkaure
  4225 | D:5      | Killed Menkaure
  4226 | D:5      | Reached skill level 5 in Fighting
  4226 | D:5      | Reached skill level 7 in Stealth
  4339 | D:5      | Noticed Prince Ribbit
  4343 | D:5      | Killed Prince Ribbit
  4542 | D:5      | Noticed Sigmund
  4552 | D:5      | Killed Sigmund
  4553 | D:5      | Reached skill level 8 in Stealth
  4553 | D:5      | Reached XP level 9. HP: 61/61 MP: 9/9
  5131 | D:5      | Found a staircase to the Ecumenical Temple.
  5144 | Temple   | Entered the Ecumenical Temple
  5152 | Temple   | Became a worshipper of Gozag Ym Sagoz the Greedy
  5221 | D:5      | Found an ancient bone altar of Kikubaaqudgha.
  5221 | D:5      | Found a shimmering altar of Xom.
  5457 | D:6      | Noticed Duvessa
  5457 | D:6      | Noticed Dowan
  5466 | D:6      | Killed Duvessa
  5468 | D:6      | Killed Dowan
  5513 | D:6      | Reached skill level 9 in Stealth
  5639 | D:6      | Noticed a +0 dagger
  5639 | D:6      | Noticed a +0 dagger
  5690 | D:6      | Found a hide-covered altar of Uskayaw.
  5712 | D:6      | Noticed Eustachio
  5735 | D:6      | Killed Eustachio
  6035 | D:6      | Found a sand-covered staircase.
  6045 | Ossuary  | Entered an ossuary
  6186 | Ossuary  | Reached XP level 10. HP: 55/69 MP: 10/10
  6636 | D:7      | Reached skill level 10 in Stealth
  6922 | D:7      | Found Ufoimul's Armour Emporium.
  7154 | D:7      | Noticed Maggie
  7166 | D:7      | Killed Maggie
  7295 | D:7      | Noticed Jeremiah
  7314 | D:7      | Killed Jeremiah
  7489 | D:7      | Paralysed by a hornet for 2 turns
  7491 | D:7      | Slain by a hornet

Illustrated notes

Levels and vault maps discovered:
D:1:      zelgadis_glass_arrival_small, layout_basic, serial_shops, shop
D:2:      layout_loops_ring, basic_altar, serial_shops, shop_coins,
          bh_walls_and_bars
D:3:      layout_basic, bloody_makhleb, uniq_grinder
D:4:      layout_rooms, mainiacjoe_overflow_cross_hatched, minmay_diced_spiral,
          uniq_pikel
D:5:      layout_loops_ring, amethyst_overflow_temple_binary,
          minmay_temple_entry_fiery, uniq_sigmund, uniq_prince_ribbit1,
          uniq_menkaure
D:6:      layout_cave_pools, dancing_weapons_uskayaw,
          mainiacjoe_ossuary_entry_find_the_door, minmay_misc_feat_diagonals,
          amcnicky_mini_pool_small, uniq_duvessa, uniq_eustachio
D:7:      layout_gridville, serial_shops, nicolae_shop_peninsula, uniq_jeremiah,
          uniq_maggie
Temple:   nicolae_temple_two_arcs

Skill      XL: |  1  2  3  4  5  6  7  8  9 10 |
---------------+-------------------------------+-----
Stealth        | 1 2 4 6 8 9 10 | 10.5
Fighting       | 3 4 5 6 7 |  7.4
Dodging        | 3 4 5 7 |  7.7
Shapeshifting  | 4 5 6 7 |  7.4
Unarmed Combat | |  3.0

Action                     |  1- 3 |  4- 6 |  7- 9 | 10-12 || total
---------------------------+-------+-------+-------+-------++-------
  Melee: Unarmed           |    26 |       |       |       ||    26
         Constrict         |    19 |    23 |    49 |    19 ||   110
         Tentacles         |    13 |    20 |    40 |    12 ||    85
         Dagger            |    37 |    66 |    32 |     9 ||   144
         Punch             |     3 |     5 |     6 |     1 ||    15
         Short sword       |       |    26 |   113 |    35 ||   174
         Falchion          |       |       |    50 |    12 ||    62
  Throw: Boomerang         |       |     9 |     2 |       ||    11
         Dart              |       |       |       |     1 ||     1
  Evoke: Wand              |       |       |       |     1 ||     1
    Use: Scroll            |     1 |     6 |     5 |     6 ||    18
         Potion            |       |     2 |       |     2 ||     4
   Stab: Sleeping          |     5 |     6 |    25 |     7 ||    43
         Distracted        |       |       |     3 |       ||     3
 Armour: Skin              |    22 |    42 |    80 |    25 ||   169
  Dodge: Dodged            |    52 |    50 |   128 |    37 ||   267
